AoeStats
← Bro Creation

Arabian Desert

510734987Analyzed
1v1 RM · 15h ago on Oct 2, 2026· 31m 50s· 2 players
Game mode
Random Map
Map size
Tiny (2 player)
Population
200
Speed
Normal
Resources
Standard
Victory
Conquest
Starting age
Dark Age
Ending age
Imperial Age
RankedLock teamsTeams togetherTeam positionsShared explorationLock speedFull tech treeHidden civsTurbo modeCheats
Victory
Defeat
🇷🇴 Georgians · Romania
2389
+8
🇵🇰 Bohemians · Pakistan
2200
-8
OS+ | R4v3N_
8:18 Feudal Age
8:01 Loom
9:14 Double-Bit Axe
9:41 Horse Collar
16:11 Wheelbarrow
20:54 Castle Age
19:22 Scale Barding Armor
19:55 Bloodlines
20:22 Forging
20:57 Light Cavalry
23:08 Husbandry
29:44 Bow Saw
Bro Creation
6:06 Loom
9:05 Feudal Age
9:50 Double-Bit Axe
15:27 Fletching
21:07 Castle Age
19:41 Forging
20:08 Horse Collar
21:15 Crossbowman
21:51 Bodkin Arrow
25:01 Wheelbarrow
26:24 Ballistics
29:59 Chemistry
Connection lost

Rejoining the realm…

Still unreachable

The connection could not be restored.

Session expired

The server has moved on; the page needs a fresh start.